Map: Тритон РВ

Players

archon

  • Race: Terran Terran
  • League: Master
  • Spawn Location: 11:00

MindelVK - Winner!

  • Race: Protoss Protoss
  • League: Master
  • Spawn Location: 5:00

VOD

Have the link to the VOD?

Description

https://www.youtube.com/watch?v=fV5IARhL284&list=PL-on5IRVWnHDP5RCBaOvfP2Lb3Z98Ynpf&index=10

Time

  • Played on: March 10, 2020, 9:32 a.m.
  • Length: 5:09
Show
View Real Time Build Order
Export as new Build Order

archon Terran 

Build Orders: 2 Factory, Cyclone Opening 

Get SALT Encoding   

  12  0:01  SCV  
  13  0:13  SCV  
  14  0:17  Supply Depot  
  14  0:25  SCV  
  14  0:27  Refinery  
  15  0:39  SCV  
  16  0:45  Barracks  
  16  0:51  SCV  
  17  1:03  SCV  
  18  1:15  SCV  
  19  1:32  Orbital Command  
  19  1:33  Marine  
  19  1:35  Factory  
  20  1:50  Supply Depot  
  20  1:51  Barracks Tech Lab  
  20  1:59  SCV  
  20  2:13  SCV  
  21  2:16  Command Center  
  21  2:25  Cyclone  
  24  2:30  SCV  
  24  2:31  Refinery  
  25  2:43  SCV  
  26  2:50  Supply Depot  
  26  2:55  SCV  
  26  2:58  Cyclone  
  30  3:07  SCV  
  31  3:15  Factory  
  31  3:19  SCV  
  32  3:20  Barracks Tech Lab  
  32  3:27  Refinery  
  32  3:31  SCV  
  33  3:39  Orbital Command  
  33  3:43  Cyclone, SCV  
  37  3:55  SCV  
  38  4:04  Cyclone  
  38  4:05  Refinery  
  38  4:07  SCV  
  42  4:18  Cyclone  
  42  4:21  SCV  
  42  4:22  SCV  
  47  4:36  SCV  
  51  4:53  Supply Depot  
  51  4:58  Supply Depot  
Show
View Real Time Build Order
Export as new Build Order

MindelVK Protoss - Winner!

Build Orders: 1 Gate Expand 

Get SALT Encoding   

  12  0:00  Probe  
  13  0:12  Probe  
  14  0:17  Pylon  
  14  0:24  Probe (Chrono Boost)  
  16  0:37  Probe (Chrono Boost)  
  16  0:38  Gateway  
  16  0:42  Probe (Chrono Boost)  
  16  0:46  Assimilator  
  17  0:51  Probe  
  18  1:03  Probe  
  19  1:15  Probe  
  20  1:26  Nexus  
  20  1:33  Cybernetics Core  
  20  1:36  Probe  
  21  1:43  Assimilator  
  21  1:48  Probe  
  21  1:50  Pylon  
  22  2:01  Probe (Chrono Boost)  
  23  2:06  Stalker (Chrono Boost)  
  23  2:11  Probe (Chrono Boost), Warp Gate  
  26  2:16  Probe (Chrono Boost)  
  27  2:25  Twilight Council  
  27  2:27  Probe (Chrono Boost)  
  28  2:33  Stalker  
  30  2:38  Probe (Chrono Boost)  
  32  2:45  Probe (Chrono Boost)  
  32  2:47  Probe (Chrono Boost)  
  33  2:52  Robotics Facility, Probe x2 (Chrono Boost)  
  35  3:03  Probe  
  36  3:10  Charge (Chrono Boost)  
  36  3:20  Gateway  
  36  3:22  Gateway  
  36  3:28  Gateway  
  36  3:29  Gateway  
  36  3:31  Gateway  
  36  3:36  Warp Prism (Chrono Boost)  
  38  3:52  Gateway  
  38  3:54  Gateway  
  38  3:56  Pylon  
  38  4:00  Zealot  
  38  4:02  Pylon  
  40  4:05  Pylon  
  40  4:24  Pylon  
  40  4:30  Zealot x3  
  40  4:31  Zealot x3  
  52  4:54  Zealot x2  
  52  4:55  Zealot x6  
Tags
 
Add a new tag
Caveats
  • Supply blocks, unpowered buildings, or Contaminate may cause inaccurate times.
  • Supply counts are checked every 10 seconds.